[Event "Team 45 45 League T31"]
[Site "Internet Chess Club"]
[Date "2006.07.03"]
[Round "2"]
[White "PaulKaspar"]
[Black "The-Rookie"]
[Result "1/2-1/2"]
[WhiteElo "1878"]
[BlackElo "1723"]
[TimeControl "2700+45"]

1. e4 c5 2. Nf3 d6 3. Bd3 Nc6 4. h3 Nf6 5. c3 e6 6. Bc2 Be7 7. O-O d5 8. e5 Ne4
9. d3 Ng5 10. Nxg5 Bxg5 11. Nd2 Qc7 12. Nf3 Bxc1 13. Rxc1 Nxe5 14. d4 Nxf3+ 15.
Qxf3 Bd7 16. dxc5 Qxc5 17. Rfd1 Bc6 18. Rd4 Qe7 19. Qd3 Rd8 20. Re1 g6 21. Qe3
O-O 22. Qe5 Rfe8 23. Rdd1 Qd6 24. Qg5 e5 25. Bb3 Kg7 26. a3 Qf6 27. Qd2 d4 28.
cxd4 Rxd4 29. Qc1 Red8 30. Rxd4 Rxd4 31. Qc5 Rd2 32. Qxa7 Qg5 33. g4 Rxb2 34.
Bc4 Rc2 35. Bf1 Rc1 36. Rxc1 Qxc1 37. Qa5 Qa1 38. Qc5 Qd4 39. Qxd4 exd4 40. Bd3
Kf6 41. f4 h6 42. h4 g5 43. fxg5+ hxg5 44. h5 Bf3 45. Bf5 d3 46. Bxd3 Bxg4 47.
h6 Bh5 48. Be4 b6 49. Bh7 Bg4 50. Bb1 Bh5 51. Bh7 g4 52. Bf5 Bg6 53. Bxg4 Kg5
54. Bf3 Kxh6 55. Kf2 Kg5 56. Ke3 Kf5 57. Kd4 Ke6 58. Kc4 Kd6 59. Kb5 Kc7 60. Kc4
Bc2 61. Kd5 Bb3+ 62. Ke5 b5 63. Kf6 Kb6 64. Ke5 Ka5 65. Be2 Ka4 66. Kd4 Be6 67.
Kc5 Bd7 68. Kd6 {Game drawn by mutual agreement} 1/2-1/2  aics%

[Event "Team 45 45 League T31"]
[Site "Internet Chess Club"]
[Date "2006.07.08"]
[Round "2"]
[White "narog"]
[Black "Klampin"]
[Result "1-0"]
[WhiteElo "2085"]
[BlackElo "1834"]
[TimeControl "2700+45"]

1. d4 d5 2. Bf4 Nf6 3. e3 Bg4 4. Nf3 e6 5. Bd3 Nbd7 6. Nbd2 Be7 7. c3 c6 8. h3
Bh5 9. O-O Bg6 10. Qe2 Bxd3 11. Qxd3 O-O 12. b4 a6 13. a4 Nh5 14. Bh2 f5 15. Kh1
Ndf6 16. Rg1 Ne4 17. Raf1 Nhf6 18. Ne5 g5 19. f3 Nxd2 20. Qxd2 Bd6 21. Qd3 Qc7
22. g4 fxg4 23. hxg4 Kg7 24. Rg2 a5 25. b5 cxb5 26. Qxb5 Kg8 27. Rc1 Ba3 28.
Rcc2 Bd6 29. c4 Qe7 30. c5 Bxe5 31. Bxe5 Qd7 32. Rgf2 Qxb5 33. axb5 Nd7 34. Bd6
Rf7 35. Ra2 Nf6 36. Kg2 Ne8 37. Be5 Nc7 38. b6 Ne8 39. Ra4 h6 40. Rfa2 Kh7 41.
Rxa5 Rxa5 42. Rxa5 h5 43. Ra7 hxg4 44. fxg4 {Black resigns} 1-0  aics%

[Event "Team 45 45 League T31"]
[Site "Internet Chess Club"]
[Date "2006.07.02"]
[Round "2"]
[White "Kenzo2"]
[Black "RingLord"]
[Result "0-1"]
[WhiteElo "1602"]
[BlackElo "1667"]
[TimeControl "2700+45"]

1. c4 Nf6 2. g3 e6 3. Bg2 c5 4. Nc3 Be7 5. e3 Nc6 6. Nge2 O-O 7. b3 a6 8. O-O
Rb8 9. d4 cxd4 10. exd4 d5 11. c5 b6 12. Be3 Ng4 13. Qd2 Nxe3 14. Qxe3 Bf6 15.
f4 bxc5 16. Rad1 cxd4 17. Nxd4 Nxd4 18. Rxd4 Bxd4 19. Qxd4 Qb6 20. Qxb6 Rxb6 21.
Na4 Rb4 22. Rc1 Bd7 23. Nb2 Rc8 24. Rd1 h6 25. Bf1 Rc2 26. Rb1 Rd4 27. Bxa6 Rdd2
28. Nd3 Rxa2 29. Nb4 Rg2+ 30. Kf1 Raf2+ 31. Ke1 Rxh2 32. Bf1 Rxf1+ 33. Kxf1 Rh1+
34. Ke2 Rxb1 {White resigns} 0-1  aics%

[Event "Team 45 45 League T31"]
[Site "Internet Chess Club"]
[Date "2006.07.02"]
[Round "2"]
[White "jacknor"]
[Black "Attacktics"]
[Result "1-0"]
[WhiteElo "1558"]
[BlackElo "1371"]
[TimeControl "2700+45"]

1. d4 d5 2. Bf4 Nc6 3. e3 e6 4. Nf3 Nf6 5. c3 Ne7 6. Bd3 Nh5 7. Bg3 Nxg3 8. hxg3
Qd6 9. Nbd2 Bd7 10. O-O Ng6 11. c4 e5 12. cxd5 Qxd5 13. e4 Qd6 14. Nc4 Qe6 15.
Nfxe5 Nxe5 16. Nxe5 Bd6 17. Bc4 Qf6 18. Nxf7 Ke7 19. Nxh8 {Black resigns} 1-0 
aics%

[Event "Team 45 45 League T31"]
[Site "Internet Chess Club"]
[Date "2006.06.30"]
[Round "2"]
[White "vhuffst"]
[Black "EyeAm"]
[Result "1-0"]
[WhiteElo "1430"]
[BlackElo "1321"]
[TimeControl "2700+45"]

1. e4 e5 2. Nc3 Nf6 3. Nf3 Nc6 4. Bc4 Nxe4 5. Nxe4 d5 6. Bb3 dxe4 7. Ng1 Qf6 8.
Ne2 Bd6 9. Ng3 Qg6 10. Bd5 Bg4 11. Bxe4 Qg5 12. f3 Bd7 13. d3 Qe7 14. O-O O-O-O
15. Be3 g6 16. Qd2 Kb8 17. Bxc6 Bxc6 18. Ne4 Bxe4 19. fxe4 Qd7 20. Rf6 Rde8 21.
Raf1 Re7 22. Qf2 h6 23. Bxa7+ Ka8 24. Be3 g5 25. c4 c5 26. Bxc5 {Black forfeits
on time} 1-0  aics%

[Event "Team 45 45 League T31"]
[Site "Internet Chess Club"]
[Date "2006.07.02"]
[Round "2"]
[White "bondguy01"]
[Black "rayngrant"]
[Result "1-0"]
[WhiteElo "1694"]
[BlackElo "1620"]
[TimeControl "2700+45"]

1. d4 d5 2. c4 e5 3. dxe5 d4 4. a3 c5 5. e3 Nc6 6. Nf3 Be6 7. exd4 cxd4 8. Bd3
Nxe5 9. Nxe5 Qa5+ 10. b4 Qxe5+ 11. Qe2 Qxe2+ 12. Bxe2 b6 13. Bb2 Rd8 14. Bd3 Nf6
15. Nd2 Be7 16. Nf3 O-O 17. O-O Rd7 18. Ne5 Rc7 19. Rac1 Rd8 20. Nf3 Rdc8 21.
Rfe1 Bf8 22. Bxd4 Bxc4 23. Be5 Rc6 24. Bf5 Rd8 25. Nd4 Rxd4 26. Bxd4 Bb5 27.
Rxc6 Bxc6 28. Rc1 Bd5 29. Rc7 a5 30. bxa5 bxa5 31. Ra7 Bxa3 32. Rxa5 Bf8 33.
Bxf6 gxf6 34. Rxd5 {Black resigns} 1-0  aics%

[Event "Team 45 45 League T31"]
[Site "Internet Chess Club"]
[Date "2006.06.30"]
[Round "2"]
[White "NESKAYA"]
[Black "RD1974"]
[Result "1-0"]
[WhiteElo "1614"]
[BlackElo "1670"]
[TimeControl "2700+45"]

1. e4 c5 2. c3 Nf6 3. e5 Nd5 4. d4 cxd4 5. cxd4 Nc6 6. Nf3 d6 7. Bc4 dxe5 8.
dxe5 e6 9. O-O Be7 10. Bxd5 exd5 11. Be3 Bg4 12. Nbd2 Nxe5 13. Qa4+ Bd7 14. Qd4
Nxf3+ 15. Nxf3 Bc6 16. Qxg7 Bf6 17. Qg4 Bxb2 18. Bh6 Bd7 19. Rfe1+ Be6 20. Qa4+
Qd7 21. Qxd7+ Kxd7 22. Rab1 Bf6 23. Rxb7+ Kc6 24. Reb1 Rhg8 25. Bf4 h5 26. Rc7#
{Black checkmated} 1-0  aics%

[Event "Team 45 45 League T31"]
[Site "Internet Chess Club"]
[Date "2006.07.02"]
[Round "2"]
[White "clarinetref"]
[Black "mfunk"]
[Result "0-1"]
[WhiteElo "1514"]
[BlackElo "1578"]
[TimeControl "2700+45"]

1. Nf3 d5 2. c4 d4 3. g3 c5 4. d3 Nc6 5. Bg2 e5 6. Nbd2 Nf6 7. a3 a5 8. O-O Be7
9. Re1 O-O 10. Nf1 Qc7 11. Bd2 Rb8 12. e3 Bf5 13. Qe2 b5 14. cxb5 Rxb5 15. exd4
cxd4 16. Nh4 Bd7 17. Rab1 Rfb8 18. Bc1 Bxa3 19. Nf3 Bd6 20. N1d2 Be6 21. Ng5 Bd5
22. Nge4 Nxe4 23. Nxe4 f5 24. Nxd6 Qxd6 25. f3 Rb3 26. Ra1 Qb4 27. Ra3 a4 28. f4
Bxg2 29. Qxg2 Qxe1+ 30. Qf1 Qxf1+ 31. Kxf1 Rxa3 {White resigns} 0-1  aics%

[Event "Team 45 45 League T31"]
[Site "Internet Chess Club"]
[Date "2006.07.04"]
[Round "2"]
[White "alaskauk"]
[Black "Just-Jim"]
[Result "1-0"]
[WhiteElo "1507"]
[BlackElo "1404"]
[TimeControl "2700+45"]

1. e4 e5 2. Nf3 Nc6 3. Bc4 Bc5 4. Nc3 h6 5. O-O Nf6 6. d3 d6 7. a3 Bg4 8. Be3
O-O 9. Bxc5 dxc5 10. Nb1 Nd4 11. Nbd2 Nh7 12. c3 Nxf3+ 13. Nxf3 Qf6 14. h3 Be6
15. Bxe6 fxe6 16. Nh2 Ng5 17. Qe2 Qg6 18. Kh1 Rf6 19. Ng4 Rf4 20. Qe3 Qh5 21.
Qg3 Raf8 22. Rad1 Rxg4 23. Qxg4 Qg6 24. h4 h5 25. Qxg5 Qxg5 26. hxg5 Rf4 27. g3
Rg4 28. Kg2 Kf7 29. Rd2 Rxg5 30. d4 cxd4 31. cxd4 c6 32. d5 cxd5 33. exd5 Rg6
34. d6 Ke8 35. d7+ Kd8 36. Rc1 h4 37. Rc8+ Ke7 38. d8=Q+ Kf7 39. Qf8# {Black
checkmated} 1-0  aics%

[Event "Team 45 45 League T31"]
[Site "Internet Chess Club"]
[Date "2006.06.30"]
[Round "2"]
[White "Gregorio"]
[Black "fhunfi"]
[Result "1-0"]
[WhiteElo "2135"]
[BlackElo "1959"]
[TimeControl "2700+45"]

1. e4 e6 2. d4 d5 3. Nd2 Nc6 4. Bb5 dxe4 5. Bxc6+ bxc6 6. Nxe4 Nf6 7. Bg5 Qd5 8.
Nxf6+ gxf6 9. Bxf6 Qxg2 10. Qf3 Qxf3 11. Nxf3 Rg8 12. Ne5 Bb7 13. Ke2 Be7 14.
Bxe7 Kxe7 15. Rhg1 Rad8 16. c3 f6 17. Nf3 Kf7 18. Rxg8 Rxg8 19. Rg1 Rxg1 20.
Nxg1 Ke7 21. Ke3 Kd6 22. b4 Ba6 23. Nh3 Bc4 24. a3 e5 25. f4 exd4+ 26. Kxd4 Be6
27. Nf2 Bf5 28. Nd1 Be6 29. Ne3 a6 30. Nf1 Bf5 31. Nd2 Bc2 32. Nc4+ Ke6 33. Kc5
Be4 34. Ne3 Bf3 35. Kd4 Bh1 36. f5+ Ke7 37. Ng4 Bf3 38. Nf2 Bg2 39. Nd3 Bf1 40.
Nc5 Kd6 41. c4 Bh3 42. Ke4 Bf1 43. Nxa6 Bxc4 44. Nc5 Bd5+ 45. Kd4 Bg2 46. a4 Bh3
47. a5 {Black resigns} 1-0  aics%

[Event "Team 45 45 League T31"]
[Site "Internet Chess Club"]
[Date "2006.07.01"]
[Round "2"]
[White "matein7"]
[Black "bobhill"]
[Result "0-1"]
[WhiteElo "1942"]
[BlackElo "2047"]
[TimeControl "2700+45"]

1. d4 d5 2. c4 e6 3. Nc3 Be7 4. Nf3 h6 5. e4 dxe4 6. Nxe4 Nf6 7. Bd3 Nbd7 8. Ng3
b6 9. O-O Bb7 10. Re1 O-O 11. Bd2 Re8 12. Bc3 Nf8 13. Qe2 c5 14. Rad1 Qc7 15.
dxc5 Qxc5 16. b4 Qc7 17. Be5 Qc8 18. Bc3 a5 19. a3 Qc7 20. Be5 Qc6 21. b5 Qc5
22. Bd4 Qc7 23. Be5 Qc8 24. Bb2 N8d7 25. Bc2 Bxf3 26. gxf3 Qc7 27. Ne4 Rac8 28.
Nxf6+ Nxf6 29. Rd4 Bc5 30. Rh4 Qe7 31. Kh1 Nh7 32. Rg4 f5 33. Rxg7+ Qxg7 34.
Bxg7 Kxg7 35. Rg1+ Kf6 36. f4 Rg8 37. Qe5+ Kf7 38. Rxg8 Rxg8 39. Qc7+ Kg6 40.
Kg2 Nf6 41. h3 Rg7 42. Qe5 Kf7+ 43. Kf1 Nd7 44. Qc7 Ke7 45. a4 Bd6 46. Qb7 Bxf4
47. c5 bxc5 48. Bb3 Bd6 49. Qa7 f4 50. Qxa5 Ne5 51. Qe1 c4 52. Bc2 Nf3 53. Qc3
Nh2+ 54. Ke1 Rg1+ 55. Ke2 f3+ 56. Ke3 Bc5+ 57. Kf4 Bxf2 58. Qb4+ Kf7 59. Qxc4
Bg3+ 60. Ke3 Re1+ 61. Kd2 Nf1+ 62. Kc3 Re3+ 63. Kb4 Be1+ 64. Kc5 Rc3 65. Qxc3
Bxc3 66. b6 Ne3 67. Bd3 Nd5 68. Kc6 Nb4+ 69. Kb7 Nxd3 70. Ka8 {White resigns}
0-1  aics%

[Event "Team 45 45 League T31"]
[Site "Internet Chess Club"]
[Date "2006.07.01"]
[Round "2"]
[White "baumhauer"]
[Black "camembert"]
[Result "1-0"]
[WhiteElo "1997"]
[BlackElo "1916"]
[TimeControl "2700+45"]

1. d4 d5 2. c4 c6 3. Nf3 Nf6 4. Nc3 dxc4 5. a4 Bf5 6. e3 e6 7. Bxc4 Bb4 8. O-O
O-O 9. Bd2 Qe7 10. h3 Nbd7 11. Nh4 Bg6 12. Nxg6 hxg6 13. Qc2 e5 14. Qxg6 c5 15.
dxc5 Qxc5 16. Ba2 e4 17. Qg3 Ne5 18. Nxe4 Nxe4 19. Bxb4 Qxb4 20. Qxe5 Rad8 21.
Rfd1 Rxd1+ 22. Rxd1 Qxa4 23. Ra1 Qc2 24. Bd5 Qxf2+ 25. Kh2 Nc5 26. Rxa7 Nd3 27.
Qd4 Nf4 28. Qxf4 {Black resigns} 1-0  aics%

[Event "Team 45 45 League T31"]
[Site "Internet Chess Club"]
[Date "2006.07.02"]
[Round "2"]
[White "Beetlejuice"]
[Black "Simonside"]
[Result "0-1"]
[WhiteElo "1871"]
[BlackElo "1926"]
[TimeControl "2700+45"]

1. d4 Nf6 2. Bg5 c5 3. d5 Ne4 4. Bf4 Qb6 5. Qc1 g5 6. Be5 Rg8 7. f3 d6 8. Bg3
Nxg3 9. hxg3 Bg7 10. c3 h6 11. e4 f5 12. Bd3 c4 13. Bxc4 fxe4 14. fxe4 Rf8 15.
Qd2 Bg4 16. Nf3 Bxf3 17. gxf3 Rxf3 18. Na3 Rxg3 19. O-O-O Nd7 20. Rde1 O-O-O 21.
Nc2 Ne5 22. Qh2 Nxc4 23. Qxg3 Qxb2+ 24. Kd1 Qb1+ 25. Ke2 Qxc2+ 26. Kf1 Rf8+ 27.
Kg1 Ne5 28. Re3 Qd1+ 29. Kg2 Qd2+ 30. Kg1 g4 {White resigns} 0-1  aics%

[Event "Team 45 45 League T31"]
[Site "Internet Chess Club"]
[Date "2006.06.30"]
[Round "2"]
[White "reinaroja"]
[Black "NFork"]
[Result "1-0"]
[WhiteElo "2181"]
[BlackElo "2156"]
[TimeControl "2700+45"]

1. e4 d5 2. exd5 Nf6 3. d4 Bg4 4. f3 Bf5 5. Bb5+ Nbd7 6. c4 e6 7. dxe6 Bxe6 8.
d5 Bf5 9. Nc3 Bc5 10. Qe2+ Kf8 11. Be3 Qe7 12. Bf4 Re8 13. Qxe7+ Rxe7+ 14. Nge2
Ne5 15. Bxe5 Rxe5 16. Kd1 a6 17. Ba4 b5 18. Bc2 Bxc2+ 19. Kxc2 b4 20. Ne4 Nxe4
21. fxe4 Rxe4 22. Kd3 f5 23. Rhf1 g6 24. Rf4 Re3+ 25. Kd2 Kg7 26. Nd4 Bxd4 27.
Rxd4 Rhe8 28. Kc2 Re2+ 29. Rd2 R8e4 30. b3 R4e3 31. a3 Rc3+ 32. Kd1 Rxd2+ 33.
Kxd2 Rxb3 34. axb4 Rxb4 35. Kc3 Rb6 36. c5 Rf6 37. Kd4 Kf7 38. c6 Ke7 39. Rxa6
f4 40. Ra7 Kd8 41. Ra8+ Ke7 42. Rc8 g5 43. Rxc7+ Kd8 44. Rxh7 g4 45. Ke5 f3 46.
gxf3 gxf3 47. d6 Rf8 48. Ra7 Ke8 49. Ke6 {Black resigns} 1-0  aics%

[Event "Team 45 45 League T31"]
[Site "Internet Chess Club"]
[Date "2006.07.01"]
[Round "2"]
[White "PUUNTUUPPAAJA"]
[Black "MiroslavR"]
[Result "0-1"]
[WhiteElo "1992"]
[BlackElo "1995"]
[TimeControl "2700+45"]

1. e4 e6 2. Nc3 d5 3. d4 Bb4 4. e5 c5 5. a3 Bxc3+ 6. bxc3 Ne7 7. Nf3 Nbc6 8. Bg5
Qa5 9. Qd2 cxd4 10. cxd4 Qxd2+ 11. Bxd2 Nf5 12. c3 Bd7 13. Rb1 b6 14. Bd3 Nfe7
15. h4 Na5 16. O-O Rc8 17. Rfc1 Nc4 18. Be1 O-O 19. Ra1 Ba4 20. Bc2 Bxc2 21.
Rxc2 Nc6 22. Ng5 h6 23. Nf3 Rc7 24. g4 f6 25. exf6 Rxf6 26. Kg2 Rcf7 27. Nh2 Nd6
28. f3 Nc4 29. Re2 e5 30. Bf2 exd4 31. cxd4 Rf4 32. Rd1 Nxa3 33. Re6 R7f6 34.
Re8+ Rf8 35. Re6 R4f6 36. Rde1 Nc2 37. R1e2 Rxe6 38. Rxe6 N6xd4 39. Rd6 Ne2 40.
Kf1 Nf4 41. Rd7 Rf7 42. Rd8+ Kh7 43. Bg3 d4 44. Kf2 Ne6 45. Rd6 Nc5 46. Ke2 d3+
47. Kd2 Re7 48. Nf1 Re2+ 49. Kc3 Ne3 50. g5 hxg5 51. Nxe3 Rxe3 52. Bf2 Rxf3 53.
Bxc5 bxc5 54. hxg5 Rg3 55. Rd5 Kg6 56. Rxc5 Rxg5 57. Rc7 a5 58. Ra7 Kh5 59. Kxd3
Kg4 60. Ke4 Kg3 61. Ke3 Re5+ 62. Kd4 Rg5 63. Ke3 g6 64. Ra6 Re5+ 65. Kd4 Rg5 66.
Ke3 Kh4 67. Kf3 Kh3 68. Ra7 Rf5+ 69. Ke4 Kg4 70. Ke3 g5 71. Ra8 Kg3 72. Ra7 g4
73. Ra8 Kg2 74. Ke2 g3 75. Ra7 Kg1 76. Rh7 g2 77. Rh4 Re5+ {White resigns} 0-1 
aics%

[Event "Team 45 45 League T31"]
[Site "Internet Chess Club"]
[Date "2006.07.03"]
[Round "2"]
[White "Vitruvian"]
[Black "NoLuckOnlySkill"]
[Result "1-0"]
[WhiteElo "1960"]
[BlackElo "1932"]
[TimeControl "2700+45"]

1. e4 d6 2. d4 Nf6 3. Bd3 g6 4. c3 Bg7 5. f4 O-O 6. Nf3 c5 7. dxc5 dxc5 8. e5
Ng4 9. Qe2 Qc7 10. O-O Nc6 11. Ng5 Qb6 12. Kh1 h6 13. Nf3 h5 14. Na3 Be6 15. Ng5
Na5 16. Nxe6 Qxe6 17. h3 Nh6 18. Qf3 a6 19. Be4 Rab8 20. Be3 b6 21. b4 cxb4 22.
cxb4 Nc4 23. Bd5 Nxe5 24. fxe5 Qxe5 25. Bf4 Qd4 26. Bxb8 Rxb8 27. Rab1 e6 28.
Rfd1 Qe5 29. Be4 Qg5 30. Nc4 b5 31. Ne3 f5 32. Bc6 Nf7 33. Qf2 f4 34. Nf1 Ne5
35. Bf3 Rc8 36. Rd6 Qf5 37. Rbd1 Rc2 38. R1d2 Rc3 39. Bb7 Nd3 40. Qb6 Rc1 41.
R6xd3 Rxf1+ 42. Kh2 f3 43. Rxf3 Be5+ 44. g3 Rxf3 45. Bxf3 Qxf3 46. Qxe6+ Kh7 47.
Qxe5 Qf7 48. Re2 {Black resigns} 1-0  aics%

[Event "Team 45 45 League T31"]
[Site "Internet Chess Club"]
[Date "2006.07.02"]
[Round "2"]
[White "bahus"]
[Black "Helene-CJ"]
[Result "1-0"]
[WhiteElo "1933"]
[BlackElo "1749"]
[TimeControl "2700+45"]

1. e4 c5 2. d4 cxd4 3. c3 dxc3 4. Nxc3 Nc6 5. Nf3 d6 6. Bc4 e6 7. O-O Nf6 8. Qe2
Be7 9. Rd1 e5 10. Be3 O-O 11. Rac1 Be6 12. Bxe6 fxe6 13. Qc4 Qe8 14. Qxe6+ Qf7
15. Qxf7+ Rxf7 16. Ng5 Rff8 17. f3 Nd8 18. Nb5 a6 19. Nxd6 h6 20. Nh3 Bxd6 21.
Rxd6 Nc6 22. Nf2 Rad8 23. Rcd1 Rxd6 24. Rxd6 Rd8 25. Rxd8+ Nxd8 26. Bb6 Nc6 27.
Nd3 Nd7 28. Bf2 Kf7 29. Bg3 g5 30. Kf2 Kf6 31. h4 Nd4 32. Ke3 Ne6 33. hxg5+ hxg5
34. Be1 Nf4 35. Nxf4 exf4+ 36. Kd4 Ne5 37. Kd5 Nd7 38. Kd6 Nb6 39. b3 Na8 40.
e5+ Kf7 41. e6+ Ke8 42. Bf2 Kd8 43. e7+ Ke8 44. Bd4 {Black resigns} 1-0  aics%

[Event "Team 45 45 League T31"]
[Site "Internet Chess Club"]
[Date "2006.07.03"]
[Round "2"]
[White "Mississippian"]
[Black "rgadoury"]
[Result "1-0"]
[WhiteElo "1367"]
[BlackElo "1326"]
[TimeControl "2700+45"]

1. e4 c5 2. Nc3 Nc6 3. g3 e6 4. Bg2 Nf6 5. d3 Be7 6. Nf3 d6 7. h3 a6 8. Be3 Rb8
9. Qd2 Bd7 10. d4 cxd4 11. Nxd4 e5 12. Nde2 Be6 13. f4 exf4 14. gxf4 g6 15.
O-O-O O-O 16. Bf3 Qc7 17. Qe1 Bc4 18. f5 Bxe2 19. Qxe2 Ne5 20. h4 Nxf3 21. Qxf3
h5 22. Nd5 Nxd5 23. exd5 Bf6 24. Bd4 Rbc8 25. c3 Bxd4 26. Rxd4 Qd7 27. f6 Kh7
28. Rd2 Rfe8 29. Re2 Re5 30. Rxe5 dxe5 31. Re1 Re8 32. c4 Qa4 33. Qb3 Qd7 34. c5
e4 35. Kb1 Re5 36. c6 bxc6 37. dxc6 Qxc6 38. Qxf7+ Kh6 39. Qg7# {Black
checkmated} 1-0  aics%

[Event "Team 45 45 League T31"]
[Site "Internet Chess Club"]
[Date "2006.06.28"]
[Round "2"]
[White "schweppz"]
[Black "moreffee"]
[Result "0-1"]
[WhiteElo "1415"]
[BlackElo "1348"]
[TimeControl "2700+45"]

1. e4 c5 2. Nf3 d6 3. Nc3 a6 4. d4 cxd4 5. Qxd4 Nc6 6. Qa4 Bd7 7. Bc4 e6 8. Bd3
Nf6 9. Bg5 Be7 10. b4 Ng4 11. Bxe7 Qxe7 12. h3 Nge5 13. Nxe5 Nxe5 14. Qb3 Nxd3+
15. cxd3 O-O 16. Rc1 Rac8 17. O-O Rc7 18. a3 Rfc8 19. Ne2 Bc6 20. Nd4 Qf6 21.
Nxc6 Rxc6 22. Rxc6 Rxc6 23. b5 Qc3 24. Qxc3 Rxc3 25. bxa6 bxa6 26. Rb1 Kf8 27.
a4 Rxd3 28. Rb8+ Ke7 29. Rb7+ Kf6 30. a5 Ra3 31. Rb6 Rxa5 32. Rxd6 Ra1+ 33. Kh2
a5 34. f4 a4 35. Kg3 a3 36. Kg4 g6 37. e5+ Kg7 38. Kg5 h6+ 39. Kg4 a2 40. Ra6 f6
41. Ra7+ Kf8 42. exf6 Ke8 43. h4 Kf8 44. h5 gxh5+ 45. Kxh5 Rh1+ 46. Kg6 a1=Q 47.
Rf7+ Ke8 48. Re7+ Kd8 49. Kf7 Qa4 50. Kg7 Qxf4 51. Kf7 Rf1 52. Re8+ Kd7 53. Re7+
Kd6 54. Rxe6+ Kd5 55. Ke7 Qc7+ {White resigns} 0-1  aics%

[Event "Team 45 45 League T31"]
[Site "Internet Chess Club"]
[Date "2006.07.03"]
[Round "2"]
[White "wekabird"]
[Black "JimGaming"]
[Result "1-0"]
[WhiteElo "1236"]
[BlackElo "1298"]
[TimeControl "2700+45"]

1. c4 e6 2. Nc3 d5 3. cxd5 exd5 4. g3 c6 5. d4 Bg4 6. h3 Bh5 7. Bg2 Nf6 8. Nf3
Bb4 9. O-O Nbd7 10. a3 Bd6 11. b4 O-O 12. Bg5 h6 13. Bd2 Nh7 14. Qc1 f6 15. Nh4
g5 16. Nf5 Re8 17. e3 Bf8 18. e4 Bg6 19. f3 Bxf5 20. exf5 b5 21. a4 a6 22. f4
Bxb4 23. fxg5 fxg5 24. Rb1 Bc5 25. dxc5 Nxc5 26. axb5 axb5 27. Nd1 Qd6 28. Nf2
Nf6 29. Bb4 Nfd7 30. Bxc5 Nxc5 31. Ng4 Kh7 32. f6 Rf8 33. Qc2+ Ne4 34. Bxe4+
dxe4 35. Qxe4+ Kg8 36. Qg6+ Kh8 37. Qg7# {Black checkmated} 1-0  aics%

[Event "Team 45 45 League T31"]
[Site "Internet Chess Club"]
[Date "2006.07.02"]
[Round "2"]
[White "Cataclysm"]
[Black "Riddari"]
[Result "0-1"]
[WhiteElo "1234"]
[BlackElo "1144"]
[TimeControl "2700+45"]

1. d4 d5 2. c4 dxc4 3. Nc3 a6 4. Qa4+ b5 5. Nxb5 Bd7 6. Nxc7+ Qxc7 7. Qc2 Nf6 8.
Nf3 e6 9. a3 Bd6 10. e4 e5 11. dxe5 Bxe5 12. Bxc4 O-O 13. Qe2 Rc8 14. Nxe5 Qxe5
15. h3 Bb5 16. Bxb5 axb5 17. O-O Qxe4 18. Qxe4 Nxe4 19. Re1 Nf6 20. b4 Nbd7 21.
Re7 Re8 22. Re3 Nd5 23. Rd3 Re1+ 24. Kh2 N7f6 25. Rd2 h6 26. Bb2 Rxa1 27. Bxa1
Rxa3 28. Be5 Rb3 29. Bxf6 Nxf6 30. Rd4 Ne8 31. f4 Nc7 32. f5 f6 33. h4 Na6 34.
Rd6 Nxb4 35. g3 Rd3 36. Rb6 Rd5 37. g4 Nc2 38. Kg3 b4 39. Rb7 Rd3+ 40. Kf4 Rh3
41. h5 b3 42. Ke4 Re3+ 43. Kd5 Na3 44. Kd4 Rf3 45. Rb8+ Kh7 46. Rb7 Nc2+ 47. Kc4
Na1 48. Rb8 Rf4+ 49. Kc3 Rxg4 50. Ra8 Rg3+ 51. Kb2 Nc2 52. Rb8 Nd4 53. Rb7 Nxf5
54. Rb6 Re3 55. Rb7 Ng3 56. Rb5 f5 57. Rb6 Nxh5 58. Rb5 Kg6 59. Rb6+ Kg5 60. Rb5
Nf4 61. Rb7 g6 62. Rb6 h5 63. Rb8 h4 64. Rb7 h3 65. Rh7 Nh5 66. Rd7 h2 67. Rd1
Ng3 {White resigns} 0-1  aics%

[Event "Team 45 45 League T31"]
[Site "Internet Chess Club"]
[Date "2006.07.03"]
[Round "2"]
[White "Mutaant"]
[Black "guyd52"]
[Result "1-0"]
[WhiteElo "1479"]
[BlackElo "1324"]
[TimeControl "2700+45"]

1. e4 d6 2. Bb5+ c6 3. Bc4 Nf6 4. Nc3 g6 5. d3 Bg7 6. Bg5 O-O 7. Qd2 Nbd7 8. Nf3
b5 9. Bb3 Qb6 10. a3 Nc5 11. Be3 Ng4 12. Bd4 e5 13. Bxc5 Qxc5 14. h3 Nf6 15. O-O
h6 16. Nh4 Re8 17. Nxg6 Be6 18. Bxe6 Rxe6 19. Nh4 a5 20. Nf5 Kh7 21. Ne2 Qa7 22.
Kh1 Rh8 23. f4 Ne8 24. Rab1 Kg8 25. Neg3 Kf8 26. Nh5 f6 27. Rf3 Qf7 28. Nhxg7
Nxg7 29. Nxg7 Qxg7 30. Qxa5 Rg8 31. g4 Qd7 32. Rbf1 Kg7 33. Qc3 Rge8 34. Kg2
R8e7 35. f5 Rf7 36. fxe6 Qxe6 {Black resigns} 1-0  aics%

[Event "Team 45 45 League T31"]
[Site "Internet Chess Club"]
[Date "2006.07.06"]
[Round "2"]
[White "Conjurer"]
[Black "klassact"]
[Result "1-0"]
[WhiteElo "1304"]
[BlackElo "1263"]
[TimeControl "2700+45"]

1. e4 e5 2. Nf3 Nc6 3. d4 exd4 4. Nxd4 Qf6 5. Nxc6 dxc6 6. Be3 Qxb2 7. Nd2 Nf6
8. Bc4 Nxe4 9. Nxe4 Qb4+ 10. Nd2 Bd6 11. O-O O-O 12. Rb1 Qc3 13. Rb3 Qe5 14. Nf3
Qh5 15. g3 Bg4 16. Be2 Be7 17. h4 Rad8 18. Rd3 Rxd3 19. cxd3 Rd8 20. Kg2 Qd5 21.
Qc2 Bxf3+ 22. Bxf3 Qxd3 23. Qxd3 Rxd3 24. Rd1 Rxd1 25. Bxd1 c5 26. Bb3 b5 27.
Kf3 c4 28. Bc2 a5 29. Ke4 b4 30. Ba4 c3 31. Kd4 f5 32. Kc4 Bd8 33. Kb5 c6+ 34.
Kxc6 Kf7 35. Bb6 Bxb6 36. Kxb6 Ke6 37. Kxa5 Kd5 38. Kxb4 Kd4 39. Bc2 {Black
resigns} 1-0  aics%

[Event "Team 45 45 League T31"]
[Site "Internet Chess Club"]
[Date "2006.07.03"]
[Round "2"]
[White "gilalva"]
[Black "Havoc"]
[Result "0-1"]
[WhiteElo "1191"]
[BlackElo "1447"]
[TimeControl "2700+45"]

1. e4 c5 2. f4 d5 3. e5 Nc6 4. Nf3 Bg4 5. Be2 e6 6. d4 Bxf3 7. Bxf3 Nxd4 8. O-O
Nxf3+ 9. Qxf3 Ne7 10. b3 Nf5 11. g4 Nd4 12. Qd3 Qh4 13. h3 Nc6 14. c3 c4 15.
bxc4 dxc4 16. Qf3 Rd8 17. Be3 Rd3 18. Kg2 Bc5 19. Qg3 Qxg3+ 20. Kxg3 Bxe3 21.
Rf3 g5 22. Na3 gxf4+ 23. Kh4 Nxe5 24. Rff1 h6 25. Rab1 Ng6+ 26. Kh5 Rd5+ 27. g5
Rxg5# {White checkmated} 0-1  aics%

[Event "Team 45 45 League T31"]
[Site "Internet Chess Club"]
[Date "2006.07.02"]
[Round "2"]
[White "WilmaP"]
[Black "thalamus"]
[Result "1-0"]
[WhiteElo "1237"]
[BlackElo "1155"]
[TimeControl "2700+45"]

1. e4 e5 2. Nf3 Nc6 3. Nc3 Nf6 4. Bc4 Nxe4 5. Nxe4 d5 6. Bb5 dxe4 7. Nxe5 Qf6 8.
Ng4 Bxg4 9. Qxg4 a6 10. Qxe4+ Qe7 11. Qxe7+ Bxe7 12. Bd3 O-O 13. O-O Bf6 14. c3
Ne5 15. Be4 Rab8 16. d4 Nc4 17. b3 Nd6 18. Bd3 Rfe8 19. Bd2 b5 20. Rab1 a5 21.
d5 Ne4 22. Bxe4 Rxe4 23. Rfe1 Re7 24. c4 b4 25. h3 Kf8 26. c5 Rd8 27. d6 cxd6
28. c6 Rc7 29. Rbc1 Rdc8 30. Bf4 Rxc6 31. Bxd6+ Rxd6 32. Rxc8+ Bd8 33. Re4 g6
34. Rh4 Kg7 35. Rhc4 Rd1+ 36. Kh2 Bf6 37. Ra8 h5 38. Rxa5 Kh6 39. Rxb4 Bc3 40.
Rab5 Bxb4 41. Rxb4 Rd2 42. a4 Rxf2 43. Rb7 f5 44. a5 f4 45. Rf7 g5 46. a6 g4 47.
Rf6+ Kg5 48. Rf8 gxh3 49. Rg8+ Kh4 50. a7 Rxg2+ 51. Rxg2 f3 52. Rf2 Kg5 53. a8=Q
Kh4 54. Qxf3 Kg5 55. Kxh3 h4 {Black resigns} 1-0  aics%

[Event "Team 45 45 League T31"]
[Site "Internet Chess Club"]
[Date "2006.07.02"]
[Round "2"]
[White "Avedldesierto"]
[Black "pokerram"]
[Result "0-1"]
[WhiteElo "1729"]
[BlackElo "1672"]
[TimeControl "2700+45"]

1. e4 c5 2. Nf3 d6 3. d4 cxd4 4. Nxd4 Nf6 5. f3 a6 6. Be3 e5 7. Nf5 d5 8. Bg5
Bxf5 9. exf5 Be7 10. Nc3 d4 11. Bxf6 Bxf6 12. Ne4 Qb6 13. Rb1 Nd7 14. b4 Be7 15.
a3 Nf6 16. Bd3 O-O 17. O-O Nd5 18. Qd2 Rac8 19. Kh1 Ne3 20. Rfe1 Rc6 21. g4 Qd8
22. c3 Bg5 23. b5 axb5 24. Bxb5 Rh6 25. cxd4 exd4 26. Nxg5 Qxg5 27. Rb4 Qf4 28.
Re2 Qxf3+ 29. Rg2 Nxg2 30. Qxg2 Qxa3 31. Rb1 Rb6 32. g5 Qc5 33. Qf1 Qd5+ 34. Kg1
Ra8 35. g6 hxg6 36. fxg6 Rxg6+ {White resigns} 0-1  aics%